 Dungeon Crawl Stone Soup version 0.28-a0-1236-gb25a51b929 (webtiles) character file.

Game seed: 11423989016890421513

30303 Zonian the Zephyrmancer (level 13, -8/83 HPs)
             Began as a Tengu Air Elementalist on Dec 25, 2021.
             Was a Priest of Ashenzari.
             Shot with an arrow by Nessos (25 damage)
             ... on level 4 of the Lair of Beasts.
             The game lasted 01:03:42 (31621 turns).

Zonian the Zephyrmancer (Tengu Air Elementalist)   Turns: 31621, Time: 01:03:42

Health: -8/83      AC:  4    Str: 11    XL:     13   Next: 50%
Magic:  10/28      EV: 19    Int: 18    God:    Ashenzari [***...]
Gold:   1055       SH:  0    Dex: 15    Spells: 17/33 levels left

rFire   . . .      SeeInvis +     - Unarmed
rCold   . . .      Faith    .   (no shield)
rNeg    . . .      Spirit   .   J - +1 leather armour "I Knew You'd Do That" {Will+, Elem, Self} (curse)
rPois   .          Reflect  .   (helmet restricted)
rElec   .          Harm     .   (no cloak)
rCorr   .          Rampage  .   (no gloves)
Will    ++...      Clarity  +   (boots unavailable)
Stlth   ++++......              A - amulet of Curses and Power {Regen+, Evo, Elem} (curse)
HPRegen 1.03/turn               n - ring "Oracular Repose" {Slay+4, Alch, Self} (curse)
MPRegen 0.21/turn               j - ring of Ashenzari's Omen {Will+, Bglg, Evo} (curse)

@: brilliant, flying quickly and evasively, very slightly contaminated, quick
A: beak, talons 3, nimble flight
a: Renounce Religion, Curse Item, Shatter the Chains


You were on level 4 of the Lair of Beasts.
You worshipped Ashenzari.
Ashenzari was most pleased with you.
You visited 3 branches of the dungeon, and saw 15 of its levels.
You also visited: Bailey.

You collected 1265 gold pieces.
You spent 210 gold pieces at shops.

Inventory:

Hand Weapons
 g - a +0 whip
 i - a +1 hunting sling of flaming
 k - a +3 short sword
 q - a +3 scimitar of flaming
 w - a +2 dagger of speed
 B - a +0 hand crossbow
Missiles
 f - 10 bolts
 m - 54 poisoned darts
 t - 3 throwing nets
 u - 3 boomerangs
 I - 14 sling bullets
 L - 2 javelins
Armour
 H - +0 steam dragon scales
 J - the cursed +1 leather armour "I Knew You'd Do That" (worn) {Will+, Elem, Self}
   (You took it off Joseph on level 1 of the Lair of Beasts)

   It has a curse which improves the following skills: Elements: Fire Magic, Ice
   Magic, Air Magic and Earth Magic.
   Introspection: Fighting and Spellcasting.
Jewellery
 h - a ring of resist corrosion
 j - the cursed ring of Ashenzari's Omen (right hand) {Will+, Bglg, Evo}
   (You found it on level 2 of the Dungeon)

   [ring of willpower]

   Will:      It increases your willpower.
   It has a curse which improves the following skills: Beguiling: Conjurations,
   Hexes and Translocations.
   Evocations: Evocations.
 n - the cursed ring "Oracular Repose" (left hand) {Slay+4, Alch, Self}
   (You found it on level 2 of the Dungeon)

   [ring of slaying]

   Slay:      It affects your accuracy & damage with ranged weapons and melee
   (+4).
   It has a curse which improves the following skills: Alchemy: Poison Magic and
   Transmutations.
   Introspection: Fighting and Spellcasting.
 A - the cursed amulet of Curses and Power (around neck) {Regen+, Evo, Elem}
   (You found it on level 8 of the Dungeon)

   [amulet of regeneration]

   Regen:     It increases your rate of health regeneration.
   It has a curse which improves the following skills: Evocations: Evocations.
   Elements:  Fire Magic, Ice Magic, Air Magic and Earth Magic.
Wands
 o - a wand of iceblast (1)
 r - a wand of flame (13)
 v - a wand of polymorph (6)
 C - a wand of paralysis (1)
 F - a wand of digging (5)
Scrolls
 d - 2 scrolls of fog
 e - 7 scrolls of identify
 s - a scroll of silence
 x - 3 scrolls of amnesia
 y - 4 scrolls of teleportation
 z - a scroll of fear
 D - a scroll of enchant armour
 E - 2 scrolls of blinking
Potions
 a - a potion of lignification
 b - a potion of haste
 c - 2 potions of attraction
 l - 3 potions of curing
 p - a potion of might
 G - a potion of cancellation
 K - a potion of magic
 N - a potion of berserk rage
 O - a potion of mutation


   Skills:
 + Level 7.7(10.7) Fighting
 + Level 4.8 Armour
 + Level 9.4 Dodging
 + Level 9.4 Stealth
 + Level 9.0 Unarmed Combat
 + Level 7.9(10.9) Spellcasting
 + Level 10.8(12.6) Conjurations
 + Level 11.6(14.5) Air Magic
 + Level 5.4(7.3) Poison Magic


You had 17 spell levels left.
You knew the following spells:

 Your Spells              Type           Power      Damage    Failure   Level
a - Shock                 Conj/Air       100%       1d9       1%          1
b - Static Discharge      Conj/Air       73%        N/A       1%          2
c - Swiftness             Air            76%        N/A       1%          3
d - Airstrike             Air            38%        N/A       1%          4
e - Poisonous Vapours     Pois/Air       100%       N/A       1%          2
f - Olgreb's Toxic Radia  Pois           53%        N/A       4%          4

Your spell library contained the following spells:

 Spells                   Type           Power      Damage    Failure   Level
 Sting                    Tmut/Pois      100%       1d8       1%          1
 Summon Lightning Spire   Summ/Air       52%        N/A       4%          4
 Slow                     Hex            64%        N/A       9%          1
 Frozen Ramparts          Ice            32%        1d5       24%         3
 Ozocubu's Armour         Ice            16%        N/A       24%         3
 Confusing Touch          Hex            16%        N/A       26%         3
 Vampiric Draining        Necr           14%        2d7       28%         3
 Spellforged Servitor     Conj/Summ      24%        N/A       99%         7
 Chain Lightning          Conj/Air       36%        3d48      100%        9
 Fire Storm               Conj/Fire      25%        8d6       100%        9
 Shatter                  Erth           8%         3d10*     100%        9


Dungeon Overview and Level Annotations

Branches:
Dungeon (10/15)            Temple (1/1) D:5            Lair (4/6) D:10
  Swamp (0/4) Lair:4       Bailey (visited)
  Snake: Lair:2-4    Spider: Lair:2-4       Orc: D:9-12

Altars:
Ashenzari
Elyvilon
Sif Muna
Wu Jian
Jiyva

Shops:
D:5 !

Annotations:
D:5 Dowan, Duvessa
D:8 Maggie
Lair:1 3 runed translucent doors, Foferoat's ghost, journeyman GnDe
Lair:4 3 runed translucent doors, Beilucy's ghost, journeyman FoFi; Dobruq's ghost, journeyman OgTm; Eqaz's ghost, journeyman MiHu; Kirke; Nessos


Innate Abilities, Weirdness & Mutations

You have a beak for a mouth.
You have claws for feet.
Your magical nature lets you fly swiftly and evasively.


Message History

Nessos gestures wildly while chanting.
Nessos blinks!
Unknown command.
Casting: Airstrike (safe; 1% risk of failure)
Confirm with . or Enter, or press ? or * to list all spells.
Aiming: Airstrike (safe; 1% risk of failure)
Press: ? - help, Dir - move target, f/p - Nessos
Aim: Nessos, wielding a +3 longbow of flaming, wearing a +2 barding, quivering arrows and carrying a wand of paralysis (3) (heavily wounded, fast, slightly transparent, empty space bonus: 4/8)
You feel a surge of power!
The air twists around and strikes Nessos!
Nessos is severely wounded.
Casting: Airstrike (safe; 1% risk of failure)
Confirm with . or Enter, or press ? or * to list all spells.
Aiming: Airstrike (safe; 1% risk of failure)
Press: ? - help, Dir - move target, f/p - Nessos
Aim: Nessos, wielding a +3 longbow of flaming, wearing a +2 barding, quivering arrows and carrying a wand of paralysis (3) (severely wounded, fast, slightly transparent, empty space bonus: 5/8)
You feel a surge of power!
The air twists around and strikes Nessos.
Nessos is severely wounded.
A nearby plant withers and dies.
Nessos zaps a wand.
You resist with almost no effort.
Nessos zaps a wand.
You resist with almost no effort.
Nessos shoots an arrow.
The arrow hits you! The arrow burns you.
Casting: Airstrike (safe; 1% risk of failure)
Confirm with . or Enter, or press ? or * to list all spells.
Aiming: Airstrike (safe; 1% risk of failure)
Press: ? - help, Dir - move target, f/p - Nessos
Aim: Nessos, wielding a +3 longbow of flaming, wearing a +2 barding, quivering arrows and carrying a wand of paralysis (1) (severely wounded, fast, slightly transparent, empty space bonus: 5/8)
You feel a surge of power!
The air twists around and strikes Nessos!
Nessos is almost dead.
Nessos shoots an arrow.
The arrow hits you!!
* * * LOW HITPOINT WARNING * * *
The arrow burns you.
You are lethally poisoned!
* * * LOW HITPOINT WARNING * * *
Nessos says, "I'll learn you. I'll learn you yet!"
Nessos shoots an arrow.
The arrow barely misses you.
You feel better.
Nessos shoots an arrow.
The arrow hits you!!
You die...

### #P### #@..## ### ####
##...##
###.####..######.PP..######
,
.................PPP.c....^,
,
......P...P........P..P...#
..####............P......# *
#.###.P...P.#...PPPP.....#
...##............PP..PP..#
...##.P.P.P..#....P......# *
+


You could see Nessos (fast, invisible).

Vanquished Creatures
  Harold (Lair:1)
  6 hydras
  A two-headed ogre (D:9)
  Erica (D:10)
  A lindwurm (Lair:3)
  4 elephants
  A gargoyle (D:10)
  Joseph (Lair:1)
  A black mamba (Lair:1)
  6 cane toads
  A rime drake (Lair:2)
  5 komodo dragons
  A polar bear (Lair:1)
  2 trolls (D:9)
  A hornet (D:9)
  8 blink frogs (Lair:1)
  A wraith (D:10)
  A vampire (D:9)
  8 wyverns
  2 shadows
  Grum (D:10)
  47 yaks
  2 basilisks
  2 steam dragons
  2 vampire mosquitoes
  7 water moccasins
  5 orc warriors
  2 sky beasts (D:8)
  A black bear (Lair:2)
  17 wolves
  3 ogres
  3 centaurs
  A necrophage (D:5)
  A phantom (D:5)
  A kobold brigand (D:9)
  12 bullfrogs
  2 gnoll sergeants (D:9)
  2 scorpions (D:6)
  A wyvern zombie (D:9)
  A wyvern skeleton (D:6)
  A water moccasin skeleton (D:7)
  7 killer bees
  A wight (D:9)
  3 howler monkeys (D:10)
  8 electric eels
  3 centaur zombies
  8 hounds
  4 jellies
  A bullfrog skeleton (D:6)
  9 orc priests
  4 gnoll shamans
  An iguana (D:5)
  10 orc wizards
  A hound skeleton (D:4)
  24 gnolls
  A howler monkey skeleton (D:7)
  9 adders
  A shadow imp (D:7)
  A white imp (D:8)
  An ufetubus (D:7)
  2 worms
  2 dart slugs
  32 orcs
  6 endoplasms
  5 giant cockroaches
  14 goblins
  5 hobgoblins
  4 kobolds
  4 quokkas
  8 ball pythons
  10 bats
  3 frilled lizards
  6 rats
365 creatures vanquished.

Vanquished Creatures (others)
  11 bushes (D:10)
  32 fungi
  85 plants
  4 withered plants (Lair:4)
132 creatures vanquished.

Grand Total: 497 creatures vanquished

Notes
Turn   | Place    | Note
-------+----------+-------------------------------------------
     0 | D:1      | Zonian the Tengu Air Elementalist began the quest for the
                  | Orb.
     0 | D:1      | Reached XP level 1. HP: 10/10 MP: 4/4
   299 | D:1      | Reached XP level 2. HP: 11/15 MP: 6/6
   407 | D:1      | Found a faded altar of an unknown god.
   420 | D:1      | Prayed at the altar of an unknown god.
   420 | D:1      | Became a worshipper of Ashenzari the Shackled
   454 | D:1      | Learned a level 2 spell: Static Discharge
   551 | D:1      | Reached XP level 3. HP: 19/19 MP: 2/7
  1885 | D:2      | Reached XP level 4. HP: 24/24 MP: 5/8
  2108 | D:2      | Reached * piety under Ashenzari
  2166 | D:2      | Noticed a scorpion
  2650 | D:2      | Reached skill level 1 in Unarmed Combat
  3835 | D:3      | Gained mutation: Your magical nature lets you fly swiftly
                  | and evasively. [Tengu growth]
  3835 | D:3      | Reached XP level 5. HP: 28/28 MP: 6/10
  4175 | D:4      | Noticed an ogre
  4858 | D:4      | Reached skill level 5 in Air Magic
  5013 | D:4      | Noticed an orc warrior
  5507 | D:4      | Reached XP level 6. HP: 19/32 MP: 5/12
  6134 | D:4      | Learned a level 3 spell: Swiftness
  6369 | D:4      | Reached XP level 7. HP: 15/38 MP: 9/14
  6630 | D:4      | Identified the +2 buckler of the Weaver {Harm rC++ rN+
                  | Slay-2}
  6923 | D:5      | Entered Level 5 of the Dungeon
  6962 | D:5      | Found Isipo's Distillery.
  6967 | D:5      | Reached skill level 1 in Fighting
  7048 | D:5      | Found a staircase to the Ecumenical Temple.
  7087 | D:5      | Bought a potion of curing for 45 gold pieces
  7087 | D:5      | Bought 2 potions of curing for 90 gold pieces
  7087 | D:5      | Bought a potion of heal wounds for 75 gold pieces
  7199 | Temple   | Entered the Ecumenical Temple
  7428 | D:5      | Reached skill level 6 in Air Magic
  7849 | D:5      | Noticed Duvessa
  7857 | D:5      | Noticed Dowan
  8439 | D:5      | Reached XP level 8. HP: 45/45 MP: 11/16
  9337 | D:6      | Reached skill level 5 in Conjurations
  9373 | D:6      | Reached ** piety under Ashenzari
  9960 | D:6      | Learned a level 4 spell: Airstrike
 10412 | D:6      | Reached skill level 5 in Dodging
 10582 | D:6      | Reached skill level 5 in Stealth
 11172 | D:7      | Reached XP level 9. HP: 42/54 MP: 13/19
 11350 | D:7      | Reached skill level 7 in Air Magic
 13256 | D:8      | Noticed Maggie
 13366 | D:8      | Reached skill level 5 in Unarmed Combat
 13366 | D:8      | Reached skill level 5 in Spellcasting
 13847 | D:8      | Reached skill level 8 in Air Magic
 13948 | D:8      | Reached XP level 10. HP: 48/61 MP: 11/22
 14594 | D:8      | Reached *** piety under Ashenzari
 14968 | D:8      | Identified a scroll of acquirement
 14978 | D:8      | Acquired a book of Annihilations
 16217 | D:9      | Noticed a two-headed ogre
 16226 | D:9      | Killed a two-headed ogre
 16227 | D:9      | Reached skill level 5 in Fighting
 16817 | D:8      | Reached skill level 9 in Air Magic
 17134 | D:9      | Learned a level 2 spell: Poisonous Vapours
 17139 | D:9      | Learned a level 4 spell: Olgreb's Toxic Radiance
 17377 | D:9      | Reached XP level 11. HP: 69/69 MP: 16/25
 17437 | D:9      | Reached skill level 1 in Poison Magic
 17810 | D:9      | Found an ornate altar of the Wu Jian Council.
 18781 | D:10     | Entered Level 10 of the Dungeon
 19127 | D:9      | HP: 3/69 [troll (13)]
 19309 | D:10     | Noticed Erica
 19336 | D:10     | Found a staircase to the Lair.
 19384 | D:10     | Found a flagged portal.
 19399 | Bailey   | Entered a bailey
 19531 | Bailey   | Noticed an orc knight
 19950 | D:10     | Killed Erica
 19991 | D:10     | Noticed Grum
 20094 | D:10     | Killed Grum
 20379 | D:10     | Found a shimmering blue altar of Sif Muna.
 21111 | D:10     | Found a white marble altar of Elyvilon.
 21113 | D:10     | Found a broken altar of Ashenzari.
 21183 | Lair:1   | Entered Level 1 of the Lair of Beasts
 21203 | Lair:1   | Noticed Joseph
 21204 | Lair:1   | Noticed Harold
 21819 | Lair:1   | Killed Harold
 21820 | Lair:1   | Reached skill level 10 in Air Magic
 22134 | Lair:1   | Killed Joseph
 22660 | Lair:1   | Reached XP level 12. HP: 73/73 MP: 13/25
 22756 | Lair:1   | Reached skill level 1 in Armour
 23205 | Lair:1   | Noticed a seven-headed hydra
 23483 | Lair:1   | Killed a seven-headed hydra
 23907 | Lair:1   | Found a runed translucent gate.
 23907 | Lair:1   | Found a runed translucent gate.
 23907 | Lair:1   | Found a runed translucent gate.
 23910 | Lair:1   | Noticed Foferoat's ghost (journeyman GnDe)
 23913 | Lair:1   | Found a viscous altar of Jiyva.
 26487 | Lair:3   | Noticed a six-headed hydra
 26817 | Lair:3   | Reached skill level 10 in Conjurations
 26977 | Lair:3   | Noticed a five-headed hydra
 27258 | Lair:3   | Reached skill level 11 in Air Magic
 27962 | Lair:3   | Noticed an eight-headed hydra
 27967 | Lair:3   | Killed an eight-headed hydra
 28086 | Lair:3   | Killed a six-headed hydra
 28087 | Lair:3   | Reached XP level 13. HP: 83/83 MP: 8/28
 28885 | Lair:3   | Reached skill level 5 in Poison Magic
 29904 | Lair:4   | Found a runed translucent gate.
 29904 | Lair:4   | Found a runed translucent gate.
 29904 | Lair:4   | Found a runed translucent gate.
 30047 | Lair:4   | Noticed Kirke
 30206 | Lair:4   | Noticed Beilucy's ghost (journeyman FoFi)
 30206 | Lair:4   | Noticed Dobruq's ghost (journeyman OgTm)
 30208 | Lair:4   | Noticed Eqaz's ghost (journeyman MiHu)
 30209 | Lair:4   | Found the +8 demon blade "Leech" {vamp, Harm Drain rN+}
 31063 | Lair:4   | Identified the Reference Book on Calling and Ice
 31493 | Lair:4   | Noticed Nessos
 31621 | Lair:4   | Shot with an arrow by Nessos

Illustrated notes

Levels and vault maps discovered:
D:1:      minmay_arrival_nine_rooms, layout_basic, basic_ecumenical_altar
D:2:      layout_basic
D:3:      layout_basic, chequers_serial_rivers_small_b
D:4:      layout_basic
D:5:      layout_rooms, minmay_temple_entry_arrows, serial_glass,
          glass_columns_a, glass_columns_a, item_on_display_a, serial_shops,
          shop, minivault_26, uniq_duvessa
D:6:      layout_loops_cross, serial_bayou_ford_a, chequers_mini_garden,
          minmay_misc_feat_square
D:7:      layout_layer_cave
D:8:      layout_loops_cross, uniq_maggie
D:9:      minmay_polygon_palace, layout_small_grid,
          mainiacjoe_overflow_chevrons, minmay_misc_feat_room
D:10:     layout_gridville, nicolae_overflow_hidden_temple, erik_lair_island,
          enter_bailey_5, minmay_hedge_maze, uniq_erica, uniq_grum
Temple:   dpeg_five_rooms_temple
Lair:1:   layout_big_grid, gammafunk_ghost_ooze, serial_bayou_shore_b,
          uniq_harold, uniq_joseph
Lair:2:   layout_cave_pods
Lair:3:   layout_cave_pods, grunt_megastairs_3
Lair:4:   layout_regular_city, swamp_mist, spider_nest_entry_web_field,
          serial_forest, infiniplex_forest_clump_medium,
          infiniplex_forest_end_2, infiniplex_forest_lined_corner,
          infiniplex_forest_lined_room_2, infiniplex_forest_lined_room_,
          infiniplex_forest_clump_cross, infiniplex_forest_lined_room_2,
          infiniplex_forest_straight_3, gammafunk_ghost_cemetery,
          beast_lair_carwin_3, serial_bayou_shore_a, uniq_kirke, uniq_nessos

Skill      XL: |  1  2  3  4  5  6  7  8  9 10 11 12 13 |
---------------+----------------------------------------+-----
Conjurations   | 2 3 4 5 6 8 9 10 | 10.8
Unarmed Combat | 1 2 3 4 5 6 7 8 9 |  9.0
Dodging        | 3 4 5 6 7 8 9 |  9.4
Stealth        | 3 4 5 6 7 8 9 |  9.4
Air Magic      | 5 6 8 9 10 11 | 11.6
Spellcasting   | 3 4 5 6 7 |  7.9
Fighting       | 1 3 4 5 6 7 |  7.7
Poison Magic   | 3 4 5 |  5.4
Armour         | 3 4 |  4.8

Action                   |  1- 3 |  4- 6 |  7- 9 | 10-12 | 13-15 || total
-------------------------+-------+-------+-------+-------+-------++-------
Melee: Unarmed           |    13 |    77 |    91 |   395 |    69 ||   645
       Kick              |     4 |    22 |    21 |   123 |    37 ||   207
       Peck              |     2 |    13 |     9 |    73 |    16 ||   113
       Punch             |       |     1 |     1 |    19 |     3 ||    24
       Short sword       |       |     1 |       |       |       ||     1
       Scimitar          |       |       |       |       |     4 ||     4
 Cast: Shock             |    62 |    77 |   154 |   118 |     6 ||   417
       Static Discharge  |       |     5 |    25 |    52 |     4 ||    86
       Airstrike         |       |       |     5 |   120 |    60 ||   185
       Swiftness         |       |       |       |     3 |       ||     3
       Poisonous Vapours |       |       |       |       |     6 ||     6
       Olgreb's Toxic Ra |       |       |       |       |     1 ||     1
Invok: Curse Item        |     1 |     2 |     1 |     2 |       ||     6
       Shatter the Chain |       |     1 |       |     1 |       ||     2
Evoke: Wand              |       |       |     7 |    22 |       ||    29
  Use: Scroll            |       |     4 |     2 |     4 |     1 ||    11
       Potion            |       |       |       |     2 |     4 ||     6
 Stab: Sleeping          |     1 |     6 |     3 |     1 |     1 ||    12
       Distracted        |       |       |       |     1 |       ||     1
Armor: Robe              |     1 |    11 |     7 |    13 |       ||    32
       Leather armour    |       |       |       |    24 |     9 ||    33
Dodge: Dodged            |    15 |    56 |    84 |   397 |    61 ||   613

Table legend: (Time is in decaauts)
 A = Elapsed time spent in this place.
 B = Non-inter-level travel time spent in this place.
 C = Inter-level travel time spent in this place.
 D = Time resting spent in this place.
 E = Time spent auto-exploring this place.
 F = Levels seen in this place.
 G = Mean time per level.
                   A        B        C        D        E       F      G
               +--------+--------+--------+--------+--------+-----+--------+
         Total |  30664 |  30012 |    652 |  17158 |   7897 |  16 | 1916.5 |
       Dungeon |  21103 |  20541 |    562 |  11039 |   6114 |  10 | 2110.3 |
        Temple |    214 |    214 |      0 |    213 |      0 |   1 |  214.0 |
          Lair |   9209 |   9120 |     89 |   5780 |   1782 |   4 | 2302.2 |
        Bailey |    137 |    137 |      0 |    126 |      0 |   1 |  137.0 |
               +--------+--------+--------+--------+--------+-----+--------+

Top non-repeatable levels by time:
  Lair:3: 3549 daAuts
     D:8: 3207 daAuts
    D:10: 2708 daAuts
     D:7: 2512 daAuts
  Lair:2: 2410 daAuts
     D:9: 1989 daAuts
     D:6: 1986 daAuts
     D:2: 1983 daAuts
     D:3: 1938 daAuts
     D:4: 1928 daAuts
  Lair:1: 1846 daAuts
     D:5: 1503 daAuts
  Lair:4: 1403 daAuts
     D:1: 1345 daAuts
  Temple: 214 daAuts
